Map: Tokamak

Players

Highdra

  • Race: Protoss Protoss
  • League: Master
  • Spawn Location: 1:00

Remarcable (uThermal) - Winner!

  • Race: Terran Terran
  • League: Grandmaster
  • Spawn Location: 7:00

Event: HomeStory Cup XXVII

VOD

Have the link to the VOD?

Description

Time

  • Played on: June 28, 2025, 8:37 a.m.
  • Length: 8:38

All games in this series

Show
View Real Time Build Order
Export as new Build Order

Highdra Protoss 

Build Orders: 1 Gate Expand, Blink Stalkers, Colossus Rush 

Get SALT Encoding   

  12  0:00  Probe  
  13  0:12  Probe  
  14  0:17  Pylon  
  14  0:23  Probe  
  15  0:31  Probe  
  15  0:38  Gateway  
  15  0:40  Probe  
  16  0:46  Assimilator  
  17  0:50  Probe  
  18  1:03  Probe  
  19  1:15  Probe  
  20  1:23  Nexus  
  20  1:32  Cybernetics Core  
  20  1:36  Probe  
  21  1:44  Assimilator  
  21  1:48  Probe  
  22  1:54  Pylon  
  22  2:00  Probe  
  23  2:02  Adept  
  23  2:08  Warp Gate  
  23  2:13  Probe  
  26  2:22  Stalker  
  26  2:25  Probe  
  29  2:37  Probe  
  29  2:39  Probe  
  30  2:49  Probe  
  31  2:53  Probe  
  31  2:55  Twilight Council  
  32  3:01  Probe x2  
  33  3:10  Probe  
  33  3:11  Robotics Facility  
  34  3:13  Probe  
  34  3:18  Probe  
  36  3:22  Gateway  
  36  3:25  Probe  
  38  3:27  Probe  
  38  3:31  Blink  
  39  3:38  Probe  
  39  3:39  Probe  
  41  3:43  Gateway  
  41  3:50  Probe  
  41  3:51  Probe  
  41  3:53  Pylon  
  43  4:00  Observer  
  43  4:01  Stalker  
  46  4:03  Pylon  
  46  4:11  Probe x2  
  45  4:20  Nexus  
  45  4:21  Observer  
  45  4:23  Probe x2  
  48  4:25  Stalker  
  50  4:35  Probe, Robotics Bay  
  50  4:36  Probe  
  50  4:37  Pylon  
  52  4:47  Assimilator x2  
  52  4:48  Probe x2  
  54  4:56  Stalker x2  
  54  4:59  Stalker  
  59  5:10  Probe x2  
  61  5:16  Colossus  
  61  5:22  Probe x2  
  61  5:24  Charge  
  69  5:29  Pylon  
  69  5:32  Probe  
  69  5:34  Probe  
  71  5:36  Probe  
  72  5:44  Gateway x2, Probe  
  72  5:46  Probe  
  72  5:49  Gateway  
  74  5:50  Gateway  
  74  5:52  Probe  
  74  5:56  Extended Thermal Lance, Probe  
  76  5:59  Colossus, Pylon  
  76  6:01  Probe  
  76  6:03  Gateway  
  77  6:05  Probe  
  78  6:11  Probe  
  78  6:18  Sentry  
  87  6:24  Probe x2  
  87  6:25  Probe  
  88  6:31  Pylon  
  86  6:40  Stalker x3  
  86  6:45  Pylon  
  86  6:46  Pylon  
  92  6:49  Warp Prism  
  92  6:53  Zealot x4  
  102  6:58  Pylon  
  99  7:07  Probe x3  
  97  7:09  Sentry x2  
  97  7:10  Zealot x2  
  105  7:24  Stalker x4  
  97  7:50  Stalker x5  
  81  8:10  Zealot x3  
  85  8:13  Zealot x4  
Show
View Real Time Build Order
Export as new Build Order

Remarcable Terran - Winner!

Build Orders: Reaper Expand 

Get SALT Encoding   

  12  0:00  SCV  
  13  0:12  SCV  
  14  0:17  Supply Depot  
  14  0:24  SCV  
  15  0:38  SCV  
  15  0:39  Barracks  
  16  0:42  Refinery  
  16  0:50  SCV  
  17  1:03  SCV  
  18  1:15  SCV  
  19  1:29  Orbital Command, Reaper  
  20  1:41  Command Center  
  20  1:48  Supply Depot  
  20  1:55  SCV  
  20  2:00  Marine  
  22  2:07  SCV  
  23  2:09  Factory  
  23  2:15  Bunker  
  23  2:19  SCV  
  24  2:25  Barracks Reactor  
  24  2:27  Refinery  
  24  2:31  SCV  
  25  2:43  SCV  
  26  2:55  Orbital Command, SCV  
  26  2:56  Starport  
  26  2:57  Hellion  
  29  3:03  Marine x2  
  30  3:07  SCV  
  31  3:14  Supply Depot  
  31  3:19  SCV, Factory Tech Lab  
  32  3:20  Marine  
  32  3:21  Marine  
  32  3:22  SCV  
  35  3:31  SCV  
  35  3:34  SCV  
  37  3:38  Supply Depot  
  37  3:40  Marine x2  
  39  3:42  Raven  
  39  3:43  SCV  
  39  3:45  Factory Tech Lab  
  39  3:46  SCV  
  43  3:51  Supply Depot  
  43  3:56  SCV  
  43  3:58  Marine x2, SCV  
  47  4:05  Siege Tank  
  47  4:08  SCV  
  51  4:12  SCV  
  51  4:16  Marine x2  
  54  4:21  Command Center, SCV  
  53  4:24  Banshee  
  53  4:27  SCV  
  57  4:33  SCV  
  57  4:34  Supply Depot, Marine x2  
  60  4:39  Supply Depot  
  60  4:40  SCV  
  60  4:45  SCV  
  62  4:48  Siege Tank  
  62  4:52  Marine x2, SCV  
  68  4:57  Barracks, SCV  
  68  4:59  Barracks  
  69  5:04  SCV  
  69  5:06  Cloaking Field, Supply Depot  
  70  5:09  Marine x2  
  70  5:11  SCV  
  70  5:12  Refinery x2  
  73  5:16  SCV  
  74  5:23  SCV  
  74  5:26  Banshee  
  74  5:27  Marine x2  
  74  5:28  SCV  
  81  5:31  Engineering Bay  
  81  5:33  Engineering Bay  
  81  5:36  SCV  
  81  5:38  Orbital Command  
  82  5:43  SCV  
  82  5:45  Marine x2  
  82  5:48  Factory Reactor, SCV  
  82  5:49  Barracks Tech Lab  
  86  5:54  Barracks  
  86  5:55  Barracks, Marine, SCV  
  88  5:58  Stimpack  
  88  6:00  SCV  
  88  6:03  Marine  
  90  6:06  Terran Infantry Armor Level 1, Terran Infantry Weapons Level 1  
  90  6:07  SCV  
  90  6:09  Marine  
  90  6:10  Marauder  
  94  6:11  Orbital Command  
  94  6:17  SCV  
  95  6:23  Marauder, Marine  
  98  6:26  SCV  
  98  6:27  Marine  
  98  6:30  SCV  
  98  6:31  Marauder, Supply Depot  
  103  6:38  SCV  
  106  6:40  Marine  
  106  6:41  Combat Shield  
  106  6:43  SCV  
  106  6:45  Marauder  
  106  6:46  Barracks Tech Lab  
  106  6:47  Supply Depot, Barracks Tech Lab  
  108  6:48  Supply Depot  
  108  6:50  Factory Reactor, Supply Depot, SCV  
  108  6:52  Supply Depot  
  108  6:53  Marine x2, Medivac  
  113  6:57  SCV, Medivac  
  116  7:01  SCV  
  116  7:02  Marine  
  116  7:06  Marauder  
  116  7:07  Marine  
  116  7:08  Marauder  
  123  7:11  Supply Depot, Marine  
  123  7:13  SCV  
  123  7:14  Supply Depot  
  123  7:15  Marine  
  126  7:18  Concussive Shells  
  126  7:22  Marine, SCV  
  128  7:23  SCV  
  128  7:24  Armory  
  128  7:25  Marine, SCV  
  128  7:27  Medivac  
  128  7:28  Medivac  
  135  7:30  Marine  
  135  7:34  SCV  
  137  7:39  Marine  
  137  7:40  Marauder, Bunker  
  137  7:41  Marine  
  137  7:42  Bunker  
  137  7:43  Bunker  
  141  7:45  Widow Mine x2  
  141  7:46  Marine, SCV  
  147  7:53  Marine  
  147  7:54  Marauder  
  147  7:57  Medivac  
  148  7:59  SCV  
  148  8:02  Marauder x2  
  148  8:03  Marine  
  148  8:05  Marauder  
  152  8:06  Widow Mine  
  152  8:08  SCV  
  152  8:11  Marine  
  154  8:15  Marauder  
Tags
 
Add a new tag
Caveats
  • Supply blocks, unpowered buildings, or Contaminate may cause inaccurate times.
  • Supply counts are checked every 10 seconds.